 Dungeon Crawl Stone Soup version 0.32-a0-996-gb3226c233f (webtiles) character file.

Game seed: 854647964811963914

61 freelancePsychic the Magician (level 4, 0/32 HPs)
             Began as a Djinni Earth Elementalist on Apr 23, 2024.
             Was an Initiate of Ru.
             Slain by an iguana (14 damage)
             ... on level 3 of the Dungeon.
             The game lasted 00:01:54 (1787 turns).

freelancePsychic the Magician (DjEE)                Turns: 1787, Time: 00:01:55

Health: 0/32       AC:  2    Str:  7    XL:     4   Next: 27%
Gold:   58         EV: 12    Int: 18    God:    Ru [......] SH:  0 Dex: 14

rFire   + + .        (no weapon)
rCold   x . .        (no shield)
rNeg    . . .        a - +0 robe
rPois   ∞            (no helmet)
rElec   .            (no cloak)
rCorr   .            (no gloves)
SInv    .            (boots unavailable)
Will    .....        (no amulet)
Stlth   ++           (no ring)
HPRegen 0.25/turn    (no ring)

%: infuse magic (-1 HP)
@: flying
A: sickness immunity, fire resistance 2, cold vulnerability 1, float, innate
caster, HP casting, extra vitality 1
a: Renounce Religion


You were on level 3 of the Dungeon.
You worshipped Ru.
Ru was noncommittal.
You visited 1 branch of the dungeon, and saw 3 of its levels.

You collected 58 gold pieces.

Inventory:

Armour
 a - a +0 robe (worn)
Jewellery
 i - an amulet of faith
Wands
 k - a wand of digging (4)
Scrolls
 d - a scroll of identify {@r1}
 h - 2 scrolls of acquirement {unknown}
 l - a scroll of noise {unknown}
 m - a scroll of amnesia {unknown}
 n - a scroll of enchant weapon {unknown}
Potions
 b - a potion of heal wounds {@q2}
 c - a potion of magic {unknown}
 e - 2 potions of curing {unknown}
 f - a potion of resistance {unknown}
 g - a potion of mutation {unknown}
 j - a potion of enlightenment {unknown}


   Skills:
 + Level 1.5 Fighting
 + Level 3.0 Dodging
 - Level 1.5 Stealth
 * Level 3.7 Spellcasting
 * Level 3.7 Conjurations
 * Level 3.7 Hexes
   Level 0.0 Charms
 * Level 3.7 Summonings
 * Level 3.7 Necromancy
 * Level 3.7 Translocations
   Level 0.0 Transmutations
 * Level 3.7 Fire Magic
 * Level 3.7 Ice Magic
 * Level 3.7 Air Magic
 * Level 3.7 Earth Magic
 * Level 3.7 Alchemy


You knew the following spells:

 Your Spells              Type           Power      Damage    Failure   Level
a - Sandblast             Erth           32%        2d9       3%          1
b - Passwall              Erth           16%        N/A       10%         3
c - Stone Arrow           Conj/Erth      32%        3d9       10%         3
d - Petrify               Alch/Erth      16%        N/A       32%         4
e - Brom's Barrelling Bo  Conj/Erth      16%        2d4       32%         4
f - Freeze                Ice            64%        1d7       3%          1
Your spell library was empty.

Dungeon Overview and Level Annotations

Branches:
Dungeon (3/15)

Altars:
Ru

Annotations:
D:2 1 runed translucent door, Crazy Yiuf


Innate Abilities, Weirdness & Mutations

You are immune to sickness and miasma.
You are immune to poison.
Your flesh is very heat resistant. (rF++)
You are vulnerable to cold. (rC-)
You float through the air rather than walking.
You learn spells naturally, not from books.
Your magical power is your life essence.
You have superior vitality. (+4 MHP)


Message History

Reactivating autopickup.
There is a stone staircase leading down here.
The blast of sand hits the orc.
You kill the orc!
HP restored.
You see here a ball python skeleton.
There is a stone staircase leading down here.
You fly downwards.
There is a stone staircase leading up here.
An iguana is nearby!
The blast of sand hits the iguana.
The iguana is lightly wounded.
The iguana hisses angrily.
The blast of sand hits the iguana but does no damage.
The iguana is lightly wounded.
The blast of sand hits the iguana!
The iguana is heavily wounded.
The iguana bites you.
The blast of sand hits the iguana but does no damage.
The iguana is heavily wounded.
The iguana hisses menacingly.
The iguana bites you! The iguana misses you.
You are too injured to fight recklessly!
You are too injured to fight recklessly!
Aiming: Sandblast (safe; 3% risk of failure)
Press: ? - help, Q - select action, (/) - cycle Shift-Dir - straight line, f/p - iguana
Aim: an iguana (heavily wounded, 84% to hit)
The blast of sand hits the iguana.
The iguana is heavily wounded.
The iguana barely misses you.
Casting: Sandblast (safe; 3% risk of failure)
Confirm with . or Enter, or press ? or * to list all spells.
Aiming: Freeze (safe; 3% risk of failure)
Press: ? - help, Shift-Dir - straight line, f/p - iguana
Aim: an iguana (heavily wounded)
You freeze the iguana.
The iguana is almost dead.
The iguana seems to slow down.
The iguana bites you!
You die...
Ru respects your ultimate sacrifice.

.. .....# ..
.#.#.# ..
.....# ##.
.#.#.# ..
..... # #. ...
# #.#.#.#
#.@...# .
.......l.....+
.
..###.....####
#.......
.....####
##.#### #. #.


You could see an iguana (slow).

Vanquished Creatures
  2 adders (D:2)
  2 ribbon worms (D:2)
  An orc (D:2)
  6 ball pythons
  2 endoplasms (D:1)
  2 goblins (D:2)
  5 hobgoblins
  2 jackals (D:2)
  A quokka (D:1)
  2 bats (D:1)
  3 frilled lizards (D:2)
  4 kobolds
  6 rats
38 creatures vanquished.

Notes
Turn   | Place    | Note
-------+----------+-------------------------------------------
     0 | D:1      | freelancePsychic the Djinni Earth Elementalist began the
                  | quest for the Orb.
     0 | D:1      | freelancePsychic set off with the following spells
                  | memorised: Sandblast, Passwall, Stone Arrow, Petrify,
                  | Brom's Barrelling Boulder.
     0 | D:1      | Reached XP level 1. HP: 15/15 MP: 0/0
   289 | D:1      | Reached XP level 2. HP: 17/22 MP: 0/0
   907 | D:2      | Reached skill level 1 in Fighting
   907 | D:2      | Reached XP level 3. HP: 24/27 MP: 0/0
   907 | D:2      | Learned a level 1 spell: Freeze
  1265 | D:2      | Found a sacrificial altar of Ru.
  1306 | D:2      | Reached XP level 4. HP: 30/32 MP: 0/0
  1336 | D:2      | Became a worshipper of Ru the Awakened
  1409 | D:2      | Found a runed translucent door.
  1410 | D:2      | Noticed Crazy Yiuf
  1787 | D:3      | Slain by an iguana

Illustrated notes

Levels and vault maps discovered:
D:1:      lemuel_arrival_rhombus, layout_loops_corners
D:2:      layout_rooms, basic_altar, uniq_crazy_yiuf_cottage
D:3:      layout_loops_corners, nicolae_tso_besieged_by_evil,
          hellmonk_ecumenical_altar_the_god_not_taken, serial_glass,
          glass_columns_a, glass_columns_b, item_on_display_a, serial_shops,
          nicolae_shop_bloodbath_and_beyond, kennysheep_generic_room_6,
          uniq_ijyb

Skill      XL: |  1  2  3  4 |
---------------+-------------+-----
Fighting       | 1 |  1.5
Dodging        | 3 |  3.0
Stealth        | |  1.5
Spellcasting   | |  3.7
Conjurations   | |  3.7
Hexes          | |  3.7
Summonings     | |  3.7
Necromancy     | |  3.7
Translocations | |  3.7
Fire Magic     | |  3.7
Ice Magic      | |  3.7
Air Magic      | |  3.7
Earth Magic    | |  3.7
Alchemy        | |  3.7

Action                     |  1- 3 |  4- 6 || total
---------------------------+-------+-------++-------
   Cast: Sandblast         |    51 |    13 ||    64
         Freeze            |       |     1 ||     1
    Use: Scroll            |     1 |       ||     1
 Armour: Robe              |     8 |    10 ||    18
  Dodge: Dodged            |     8 |     4 ||    12

Table legend: (Time is in decaauts)
 A = Elapsed time spent in this place.
 B = Non-inter-level travel time spent in this place.
 C = Inter-level travel time spent in this place.
 D = Time resting spent in this place.
 E = Time spent auto-exploring this place.
 F = Levels seen in this place.
 G = Mean time per level.
                   A        B        C        D        E       F      G
               +--------+--------+--------+--------+--------+-----+--------+
         Total |   1818 |   1699 |    119 |      0 |   1477 |   3 |  606.0 |
       Dungeon |   1818 |   1699 |    119 |      0 |   1477 |   3 |  606.0 |
               +--------+--------+--------+--------+--------+-----+--------+

Top non-repeatable levels by time:
     D:1: 912 daAuts
     D:2: 872 daAuts
     D:3: 34 daAuts
